 Dungeon Crawl Stone Soup version 0.31.0-1-g2c135a008e (webtiles) character file.

Game seed: 2789476256662699866

683 qw the Shooter (level 7, -3/53 HPs)
             Began as a Djinni Hunter on Jan 24, 2024.
             Slain by an iguana (7 damage)
             ... on level 5 of the Dungeon.
             The game lasted 00:00:23 (3513 turns).

qw the Shooter (Djinni Hunter)                      Turns: 3513, Time: 00:00:24

Health: -3/53      AC: 10    Str: 10    XL:     7   Next: 93%
Gold:   20         EV: 13    Int:  6    God:
                   SH:  0    Dex: 25

rFire   + + .        a - +0 shortbow
rCold   x . .        (shield currently unavailable)
rNeg    . . .        c - +5 ring mail "Ziricsih" {Rampage Fly Int-4}
rPois   inf          (no helmet)
rElec   .            (no cloak)
rCorr   +            (no gloves)
SInv    .            (boots unavailable)
Will    .....        (no amulet)
Stlth   ++           h - ring of resist corrosion
HPRegen 0.28/turn    j - +6 ring of dexterity
MPRegen 0.00/turn

%: rampage, infuse magic (-4 HP)
@: flying
A: sickness immunity, fire resistance 2, cold vulnerability 1, float, innate
caster, HP casting, extra vitality 1
a: no special abilities


You were on level 5 of the Dungeon.
You visited 1 branch of the dungeon, and saw 5 of its levels.

You collected 174 gold pieces.
You spent 154 gold pieces at shops.


Innate Abilities, Weirdness & Mutations

You are immune to sickness and miasma.
You are immune to poison.
Your flesh is very heat resistant. (rF++)
You are vulnerable to cold. (rC-)
You float through the air rather than walking.
You learn spells naturally, not from books.
Your magical power is your life essence.
You have superior vitality. (+4 MHP)


   Skills:
 - Level 4.4 Fighting
 + Level 6.0 Ranged Weapons
 - Level 1.0 Armour
 - Level 4.0 Dodging
 - Level 0.7 Stealth


You knew the following spells:

 Your Spells              Type           Power      Damage    Failure   Level
a - Freeze                Ice            0%         1d3       77%         1
b - Blink                 Tloc           0%         N/A       88%         2
c - Static Discharge      Conj/Air       0%         3-3/arc   88%         2
Your spell library was empty.

Inventory:

Hand Weapons
 a - a +0 shortbow (weapon)
Armour
 c - the +5 ring mail "Ziricsih" (worn) {Rampage Fly Int-4}
   (You found it on level 3 of the Dungeon)

   Int-4:     It affects your intelligence (-4).
   Fly:       It grants you flight.
   Rampage:   It bestows one free step when moving towards enemies.
 l - a +2 robe of fire resistance
Jewellery
 h - a ring of resist corrosion (left hand)
 j - a +6 ring of dexterity (right hand)
Scrolls
 d - a scroll of enchant armour
Potions
 e - 2 potions of curing
 f - a potion of haste {unknown}
 g - a potion of degeneration {unknown}
 i - a potion of enlightenment {unknown}
 m - a potion of berserk rage {unknown}
 n - a potion of mutation {unknown}

Dungeon Overview and Level Annotations

Branches:
Dungeon (5/15)
 Temple: D:4-7

Altars:
Ashenzari
Dithmenos

Shops:
D:2 !   D:4 [[[[

Portals:
Abyss: D:3

Annotations:
D:2 1 runed translucent door, Crazy Yiuf
D:3 2 transporters, qw's ghost, amateur DjHu


Message History

You shoot an arrow. The arrow hits the howler monkey.
The howler monkey is almost dead.
The howler monkey misses you. The iguana completely misses you.
The howler monkey hits you.
You shoot an arrow.
The arrow closely misses the howler monkey.
The iguana closely misses you.
The howler monkey hoots and howls with incredible vigour!
The iguana closely misses you.
You hear an angry hiss. x2
You shoot an arrow. The arrow hits the howler monkey!
You kill the howler monkey!
The iguana barely misses you.
Your Ranged Weapons skill increases to level 6!
You shoot an arrow. The arrow closely misses the iguana.
The iguana misses you.
You shoot an arrow. The arrow hits the iguana.
The iguana is lightly wounded.
The iguana misses you.
You shoot an arrow.
The arrow hits the iguana but does no damage.
The iguana is lightly wounded.
The iguana completely misses you.
The iguana bites you but does no damage.
You shoot an arrow.
The arrow hits the iguana but does no damage.
The iguana is lightly wounded.
The iguana barely misses you.
You shoot an arrow.
The arrow hits the iguana but does no damage.
The iguana is lightly wounded.
The iguana misses you.
You shoot an arrow. The arrow hits the iguana.
The iguana is moderately wounded.
The iguana closely misses you.
A sleepcap comes into view.
You shoot an arrow. The arrow hits the iguana!
The iguana is severely wounded.
The iguana bites you!
You die...

#....
#...#
#...# #
#...###.#
#.......##
........f
#........
#@.......
#.l......
#........
+........
#........
#........
#........
###
#########
..#


You could see a sleepcap and an iguana.

Vanquished Creatures
  2 scorpions (D:4)
  A howler monkey (D:5)
  2 bombardier beetles
  A hound (D:4)
  A sleepcap (D:4)
  An orc priest (D:5)
  Terence (D:2)
  Natasha (thrice) (D:3)
  An iguana (D:5)
  3 orc wizards
  8 adders
  2 ufetubi (D:5)
  A dart slug (D:2)
  2 ribbon worms (D:2)
  10 orcs
  6 bats
  8 endoplasms
  2 giant cockroaches
  9 goblins
  3 hobgoblins
  7 kobolds
  4 quokkas
  5 ball pythons
  2 frilled lizards
  3 rats
88 creatures vanquished.

Vanquished Creatures (others)
  A human (D:3)
1 creature vanquished.

Grand Total: 89 creatures vanquished

Notes
Turn   | Place    | Note
-------+----------+-------------------------------------------
     0 | D:1      | qw the Djinni Hunter began the quest for the Orb.
     0 | D:1      | Reached XP level 1. HP: 18/18 MP: 0/0
     0 | D:1      | 0 ||| qw: Version: 0.3-a-136-gdd3b4e8
     0 | D:1      | 0 ||| qw: Game counter: 1296
     0 | D:1      | 0 ||| qw: Melee chars always use a shield: true
     0 | D:1      | 0 ||| qw: God list: Okawaru
     0 | D:1      | 0 ||| qw: Allow faded altars: false
     0 | D:1      | 0 ||| qw: Do Orc after clearing Dungeon:15 true
     0 | D:1      | 0 ||| qw: Do second Lair branch before Depths: true
     0 | D:1      | 0 ||| qw: Lair rune preference: random
     0 | D:1      | 0 ||| qw: Goals: Normal
     0 | D:1      | 0 ||| PLANNING D:1-11
    65 | D:1      | Reached XP level 2. HP: 21/23 MP: 0/0
   246 | D:1      | Reached skill level 4 in Ranged Weapons
   246 | D:1      | Reached XP level 3. HP: 28/28 MP: 0/0
   246 | D:1      | Learned a level 1 spell: Freeze
   259 | D:1      | Found a faded altar of an unknown god.
   565 | D:1      | 565 ||| UPGRADING to ring of resist corrosion.
   566 | D:1      | 566 ||| READING scroll labelled JAQIADGH ESAFI.
   567 | D:1      | 567 ||| READING scroll labelled XYILOA CIMOF.
   568 | D:1      | 568 ||| READING scroll labelled SIENAPYOMO.
   573 | D:1      | 573 ||| READING 2 scrolls labelled JEKHLU DERANG.
   574 | D:1      | 574 ||| DROPPING scroll of butterflies.
   575 | D:1      | 575 ||| DROPPING scroll of fog.
   628 | D:2      | 628 ||| FLEEEEING.
   677 | D:2      | Noticed Terence
   687 | D:2      | Killed Terence
   688 | D:2      | Reached skill level 3 in Fighting
   688 | D:2      | Reached XP level 4. HP: 23/35 MP: 0/0
   688 | D:2      | 688 ||| FLEEEEING.
   689 | D:2      | 689 ||| FLEEEEING.
   690 | D:2      | 690 ||| FLEEEEING.
   691 | D:2      | 691 ||| FLEEEEING.
   692 | D:2      | 692 ||| FLEEEEING.
   795 | D:2      | Found a runed translucent door.
   796 | D:2      | Noticed Crazy Yiuf
   883 | D:2      | Found Tutekkui's Distillery.
   891 | D:2      | 891 ||| SHOPLISTING 2 potions of mutation (224 gold, have
                  | 116).
   891 | D:2      | 891 ||| BUYING potion of curing (42 gold).
   891 | D:2      | Bought a potion of curing for 42 gold pieces
   891 | D:2      | 891 ||| BUYING potion of curing (42 gold).
   891 | D:2      | Bought a potion of curing for 42 gold pieces
   891 | D:2      | 891 ||| SHOPLISTING potion of haste (140 gold, have 32).
   891 | D:2      | 891 ||| SHOPLISTING potion of heal wounds (70 gold, have
                  | 32).
   891 | D:2      | 891 ||| SHOPLISTING potion of mutation (112 gold, have 32).
  1123 | D:2      | 1123 ||| UPGRADING to +0 ring mail.
  1133 | D:2      | 1133 ||| DROPPING +0 leather armour.
  1134 | D:2      | 1134 ||| READING scroll labelled YXESTA YVEIFEN.
  1167 | D:3      | 1167 ||| STAIRDANCE
  1338 | D:3      | Reached skill level 1 in Armour
  1365 | D:3      | Identified the +5 ring mail "Ziricsih" {Rampage Fly Int-4}
  1375 | D:3      | Noticed Natasha
  1377 | D:3      | 1377 ||| FLEEEEING.
  1378 | D:3      | 1378 ||| FLEEEEING.
  1379 | D:3      | 1379 ||| FLEEEEING.
  1380 | D:3      | 1380 ||| FLEEEEING.
  1381 | D:3      | 1381 ||| FLEEEEING.
  1382 | D:3      | 1382 ||| FLEEEEING.
  1383 | D:3      | 1383 ||| FLEEEEING.
  1391 | D:3      | Killed Natasha
  1392 | D:3      | Reached XP level 5. HP: 23/40 MP: 0/0
  1392 | D:3      | Learned a level 2 spell: Blink
  1567 | D:3      | Found a transporter.
  1578 | D:3      | Found a transporter.
  1589 | D:3      | Noticed Natasha
  1597 | D:3      | Killed Natasha
  1650 | D:3      | Found a one-way gate to the infinite horrors of the Abyss.
  1650 | D:3      | Noticed qw's ghost (amateur DjHu)
  1651 | D:3      | Noticed a small abomination
  1651 | D:3      | Noticed a small abomination
  1651 | D:3      | Noticed an ancient zyme
  1664 | D:3      | Found a broken altar of Ashenzari.
  1705 | D:3      | Noticed a human
  1709 | D:3      | Killed a human
  2117 | D:3      | Noticed Natasha
  2118 | D:3      | 2118 ||| UPGRADING to +5 ring mail "Ziricsih" {Rampage Fly
                  | Int-4}.
  2128 | D:3      | 2128 ||| DROPPING +0 ring mail.
  2164 | D:3      | 2164 ||| RETREEEEATING.
  2165 | D:3      | 2165 ||| RETREEEEATING.
  2166 | D:3      | 2166 ||| RETREEEEATING.
  2168 | D:3      | 2168 ||| RETREEEEATING.
  2169 | D:3      | 2169 ||| RETREEEEATING.
  2173 | D:3      | Killed Natasha
  2174 | D:3      | Reached XP level 6. HP: 26/46 MP: 0/0
  2489 | D:3      | 2489 ||| READING scroll labelled PUB ESMEGG.
  2490 | D:3      | 2490 ||| READING scroll labelled QUFISHR VAUVVE FUASCH.
  2491 | D:3      | 2491 ||| READING scroll labelled HAACHE YNOW.
  2572 | D:3      | 2572 ||| DRINKING 2 murky dark potions.
  2608 | D:3      | 2608 ||| DROPPING potion of lignification.
  2651 | D:4      | Found Cicekura's Antique Armour Shop.
  2660 | D:4      | 2660 ||| SHOPLISTING embroidered robe (111 gold, have 52).
  2714 | D:4      | Reached skill level 5 in Ranged Weapons
  2750 | D:4      | Reached skill level 3 in Dodging
  2787 | D:4      | Found Ipnent's Antique Armour Shop.
  2795 | D:4      | 2795 ||| SHOPLISTING helmet (99 gold, have 63).
  2795 | D:4      | 2795 ||| SHOPLISTING runed leather armour (110 gold, have
                  | 63).
  2795 | D:4      | 2795 ||| SHOPLISTING shiny ring mail (154 gold, have 63).
  2805 | D:4      | Found Oqyrr's Antique Armour Boutique.
  2818 | D:4      | 2818 ||| SHOPLISTING cloak (99 gold, have 63).
  2818 | D:4      | 2818 ||| SHOPLISTING spiked ring mail (198 gold, have 63).
  2943 | D:4      | Reached XP level 7. HP: 44/51 MP: 0/0
  2943 | D:4      | Learned a level 2 spell: Static Discharge
  3023 | D:4      | Found Kostruapn's Antique Armour Shop.
  3027 | D:4      | 3027 ||| BUYING runed robe (70 gold).
  3027 | D:4      | Bought a runed robe for 70 gold pieces
  3027 | D:4      | 3027 ||| SHOPLISTING warped ring mail (171 gold, have 13).
  3193 | D:4      | 3193 ||| UPGRADING to +6 ring of dexterity.
  3194 | D:4      | 3194 ||| READING scroll labelled XONURPH XIUFU.
  3195 | D:4      | 3195 ||| READING scroll labelled IRRETHOT NAOWE.
  3195 | D:4      | 3195 ||| ENCHANTING +0 shortbow.
  3217 | D:5      | Entered Level 5 of the Dungeon
  3250 | D:5      | 3250 ||| FLEEEEING.
  3251 | D:5      | 3251 ||| FLEEEEING.
  3254 | D:5      | 3254 ||| FLEEEEING.
  3255 | D:5      | 3255 ||| FLEEEEING.
  3256 | D:5      | 3256 ||| FLEEEEING.
  3257 | D:5      | 3257 ||| FLEEEEING.
  3258 | D:5      | 3258 ||| STAIRDANCE
  3291 | D:5      | 3291 ||| STAIRDANCE
  3386 | D:5      | 3386 ||| STAIRDANCE
  3456 | D:5      | Found a shadowy altar of Dithmenos.
  3496 | D:5      | HP: 13/53 [adder (1)]
  3497 | D:5      | 3497 ||| READING scroll of teleportation.
  3499 | D:5      | HP: 6/53 [something/magic dart (8)]
  3504 | D:5      | HP: 1/53 [howler monkey (6)]
  3507 | D:5      | Reached skill level 6 in Ranged Weapons
  3513 | D:5      | Slain by an iguana

Levels and vault maps discovered:
D:1:      tekkud_arrival_beachfront_property, layout_rooms,
          shapermc_ecumenical_altar_venn, kennysheep_decorative_pillar,
          nicolae_concentric_dashed_squares_mild
D:2:      layout_rooms, serial_shops, nicolae_shop_industrial_runoff,
          uniq_terence, uniq_crazy_yiuf_cottage
D:3:      layout_basic, nicolae_ashenzari_panopticon, tgw_kikubaaqudgha,
          gammafunk_ghost_abyssal_escape, uniq_natasha
D:4:      layout_cave_pools, serial_shops, nicolae_shop_pleasant_corner_grove,
          nicolae_shop_gibbet_a_chance, shop, shop, kennysheep_boxes
D:5:      corexii_shack_village, layout_basic, nicolae_dithmenos_shadow_blocks,
          minmay_temple_entry_glassed_door, chequers_serial_rivers_room_a

Skill      XL: |  1  2  3  4  5  6  7 |
---------------+----------------------+-----
Ranged Weapons | 4 5 6 |  6.0
Fighting       | 3 4 |  4.4
Armour         | 1 |  1.0
Dodging        | 3 4 |  4.0
Stealth        | |  0.7

Action                     |  1- 3 |  4- 6 |  7- 9 || total
---------------------------+-------+-------+-------++-------
   Fire: Shortbow          |    78 |   189 |    97 ||   364
    Use: Scroll            |     4 |     4 |     3 ||    11
         Potion            |       |     1 |       ||     1
 Armour: Leather armour    |    14 |    11 |       ||    25
         Ring mail         |       |    65 |    75 ||   140
  Dodge: Dodged            |    19 |    65 |    83 ||   167

Table legend:
 A = Non-vault XP
 B = Vault XP
 C = Vault XP percentage of total XP
 D = Non-vault monster count
 E = Vault monster count
 F = Vault count percentage of total count
                 A         B        C        D         E       F
            +---------+---------+-------+---------+---------+-------
      Total |     905 |      71 |   7.3 |      86 |       2 |   2.3
            +---------+---------+-------+---------+---------+-------
        D:1 |      34 |       0 |   0.0 |      20 |       0 |   0.0
        D:2 |      58 |      36 |  38.3 |      17 |       1 |   5.6
        D:3 |     119 |      35 |  22.7 |      16 |       1 |   5.9
        D:4 |     388 |       0 |   0.0 |      17 |       0 |   0.0
        D:5 |     306 |       0 |   0.0 |      16 |       0 |   0.0
            +---------+---------+-------+---------+---------+-------
